AoeStats
← Death_Rider

Arena

509272425Analyzed
1v1 RM · 8d ago on Sep 26, 2026· 46m 7s· 2 players
Game mode
Random Map
Map size
Tiny (2 player)
Population
200
Speed
Normal
Resources
Standard
Victory
Conquest
Starting age
Dark Age
Ending age
Imperial Age
RankedLock teamsTeams togetherTeam positionsShared explorationLock speedFull tech treeHidden civsTurbo modeCheats
Victory
Defeat
🇩🇪 Saracens · Germany
1056
+15
🇲🇽 Danes · Mexico
1043
-15
Petros
10:59 Feudal Age
12:05 Double-Bit Axe
14:29 Castle Age
12:26 Horse Collar
15:46 Bow Saw
22:19 Wheelbarrow
25:44 Hand Cart
26:00 Gold Mining
29:45 Imperial Age
27:12 Stone Mining
29:08 Gold Shaft Mining
28:35 Scale Mail Armor
28:53 Squires
29:06 Forging
29:19 Heavy Plow
29:56 Stone Shaft Mining
29:25 Town Watch
29:27 Loom
31:01 Chain Mail Armor
31:24 Iron Casting
31:45 Conscription
30:51 Elite Varangian Guard
31:56 Town Patrol
31:22 Hamask
31:27 Capped Ram
32:02 Gambesons
31:53 Elite Jomsviking
32:32 Siege Ram
33:47 Devotion
35:06 Plate Mail Armor
37:33 Blast Furnace
37:33 Arson
38:42 Siege Engineers
38:11 Northmen's Fury
39:49 Padded Archer Armor
40:09 Fletching
40:21 Elite Skirmisher
41:08 Thumb Ring
41:00 Bodkin Arrow
41:21 Leather Archer Armor
41:30 Ballistics
42:10 Chemistry
42:31 Bracer
44:15 Ring Archer Armor
Death_Rider
9:57 Feudal Age
10:39 Double-Bit Axe
10:38 Horse Collar
17:33 Castle Age
16:21 Gold Mining
16:36 Loom
16:38 Town Watch
24:35 Town Patrol
25:39 Heavy Plow
27:29 Wheelbarrow
30:39 Imperial Age
29:16 Gold Shaft Mining
28:38 Stone Mining
29:28 Bloodlines
29:19 Husbandry
29:43 Scale Barding Armor
30:11 Ballistics
30:13 Forging
31:29 Hand Cart
30:59 Light Cavalry
32:48 Chemistry
32:00 Masonry
31:15 Elite Skirmisher
32:21 Bow Saw
32:57 Chain Barding Armor
33:35 Conscription
33:58 Iron Casting
33:15 Fletching
34:48 Two-Man Saw
34:52 Plate Barding Armor
35:22 Elite Mameluke
37:01 Hoardings
36:43 Bimaristan
40:31 Squires
39:53 Pikeman
42:18 Blast Furnace
41:14 Bodkin Arrow
41:56 Counterweights
45:47 Thumb Ring
Connection lost

Rejoining the realm…

Still unreachable

The connection could not be restored.

Session expired

The server has moved on; the page needs a fresh start.